 Dungeon Crawl Stone Soup version 0.31-a0-271-gb88eb75e06 (webtiles) character file.

Game seed: 11261502408649706548

172 packetloss the Slasher (level 5, -5/44 HPs)
             Began as an Armataur Gladiator on July 14, 2023.
             Was an Initiate of Hepliaklqana.
             Slain by a lemure (7 damage)
             ... led by Pikel
             ... on level 4 of the Dungeon.
             The game lasted 00:09:17 (2694 turns).

packetloss the Slasher (Armataur Gladiator)         Turns: 2694, Time: 00:09:18

Health: -5/44      AC:  5    Str: 22    XL:     5   Next: 27%
Magic:  5/5        EV: 10    Int:  8    God:    Hepliaklqana [......]
Gold:   183        SH:  0    Dex: 15    Spells: 4/4 levels left

rFire   . . .        f - +2 dagger (elec)
rCold   . . .        (no shield)
rNeg    . . .        b - +0 leather armour
rPois   .            c - +0 helmet
rElec   .            (no cloak)
rCorr   .            (no gloves)
SInv    .            (no barding)
Will    .....        p - amulet of Beogh's Indignation {Faith Dex+4}
Stlth   +            (no ring)
HPRegen 0.27/turn    (no ring)
MPRegen 0.09/turn

%: roll, faith
@: no status effects
A: large, rugged brown scales 3, deformed body, armoured tail, roll, long
tongue, awkward tongue
a: Renounce Religion


You were on level 4 of the Dungeon.
You worshipped Hepliaklqana.
Hepliaklqana was noncommittal.
You visited 1 branch of the dungeon, and saw 4 of its levels.

You collected 183 gold pieces.

Inventory:

Hand Weapons
 a - a +0 long sword
 f - a +2 dagger of electrocution (weapon)
Missiles
 d - 3 throwing nets (quivered)
 e - a javelin
Armour
 b - a +0 leather armour (worn)
 c - a +0 helmet (worn)
Magical Staves
 s - a staff of conjuration
Jewellery
 i - a ring of ice
 p - the amulet of Beogh's Indignation (around neck) {Faith Dex+4}
   (You found it on level 3 of the Dungeon)

   [amulet of faith]

   It allows you to gain divine favour quickly.
   Dex:       It affects your dexterity (+4).
Wands
 n - a wand of polymorph (7)
 o - a wand of roots (6)
Scrolls
 g - 4 scrolls of identify {unknown}
 k - a scroll of immolation {unknown}
 l - a scroll of vulnerability {unknown}
 m - 2 scrolls of enchant weapon {unknown}
 v - a scroll of fear {unknown}
 w - a scroll of amnesia {unknown}
Potions
 h - a potion of enlightenment {unknown}
 j - 2 potions of might {unknown}
 q - a potion of mutation {unknown}
 r - 2 potions of lignification {unknown}
 t - a potion of haste {unknown}
 u - a potion of cancellation {unknown}


   Skills:
 + Level 2.7 Fighting
 + Level 1.2(2.2) Short Blades
 - Level 2.8(3.0) Long Blades
 + Level 2.6 Throwing
 + Level 2.4 Armour
 + Level 2.8 Dodging
 + Level 0.6 Evocations


You had 4 spell levels left.
You didn't know any spells.
Your spell library contained the following spells:

 Spells                   Type           Power      Damage    Failure   Level
 Poisonous Vapours        Pois/Air       0%         N/A       58%         2
 Mephitic Cloud           Conj/Pois/Air  0%         N/A       83%         3
 Freezing Cloud           Conj/Ice/Air   0%         6-21      100%        5


Dungeon Overview and Level Annotations

Branches:
Dungeon (4/15)
 Temple: D:4-7

Altars:
Fedhas
Hepliaklqana
Wu Jian
Yredelemnul

Shops:
D:4 (!(=

Annotations:
D:2 Sigmund


Innate Abilities, Weirdness & Mutations

You are completely covered in rugged brown scales. (AC +3, +7% HP)
Armour fits poorly on your strangely shaped body.
You have a long armoured tail.
You roll when moving toward enemies. (Rampage)
Your long tongue fully drains potion bottles. (2x potion effects)
Your tongue gives you trouble enunciating. (1.5x scroll delay)


Message History

w - a scroll labelled CAQALOQITA You now have 183 gold pieces (gained 7).
A lemure comes into view.
The lemure shouts!
You hear a shout! x3
A lemure comes into view.
A lemure comes into view.
You hit the lemure. Lightning courses through the lemure!
Your tail-slap misses the lemure.
The lemure is heavily wounded.
The lemure hits you.
You hit the lemure.
The lemure is heavily wounded.
The lemure closely misses you.
You hit the lemure but do no damage. You tail-slap the lemure.
The lemure is heavily wounded.
The lemure hits you! The lemure attacks as you move away! The lemure hits you!
There is an open door here.
The lemure attacks as you move away! The lemure hits you but does no damage.
The lemure attacks as you move away! The lemure hits you.
The lemure attacks as you move away! The lemure hits you!
* * * LOW HITPOINT WARNING * * *
The lemure attacks as you move away! The lemure hits you.
* * * LOW HITPOINT WARNING * * *
The lemure attacks as you move away! The lemure barely misses you.
The lemure attacks as you move away! The lemure closely misses you.
The lemure attacks as you move away! The lemure hits you.
* * * LOW HITPOINT WARNING * * *
The lemure attacks as you move away! The lemure hits you.
* * * LOW HITPOINT WARNING * * *
Okay, then.
Okay, then.
Okay, then.
Aiming: Fastroot
Press: ? - help, Shift-Dir - straight line The roots erupt in riotous growth!
Roots grab the lemure. x2
The grasping roots constrict the lemure. x2
The lemure escapes!
The lemure hits you!
You die...

#...#####5# # #...#.....# #
#...#.##### # #####5# #
#5############### .###
####.#.............# ....
#....#.............# ####
#....'........(....#####
#....#....5.55@....#...#
#....###########.###...#
#....#.................##
#....#..................#
#....#.........)........#######
#....#.............[###........
#....#.................########
#....#.........................
#..............##.########


You could see 3 lemures.

Vanquished Creatures
  A sleepcap (D:4)
  Jessica (D:3)
  A gnoll (D:1)
  5 adders
  4 worms
  2 dart slugs
  2 orcs (D:3)
  5 endoplasms
  2 giant cockroaches
  5 goblins
  4 hobgoblins (D:1)
  2 kobolds
  2 quokkas
  5 ball pythons
  5 bats
  A frilled lizard (D:1)
  2 rats
49 creatures vanquished.

Notes
Turn   | Place    | Note
-------+----------+-------------------------------------------
     0 | D:1      | packetloss the Armataur Gladiator began the quest for the
                  | Orb.
     0 | D:1      | Reached XP level 1. HP: 18/18 MP: 1/1
    78 | D:1      | HP: 3/18 [gnoll/+0 club (4)]
    80 | D:1      | Reached skill level 2 in Fighting
    80 | D:1      | Reached skill level 2 in Throwing
    80 | D:1      | Reached XP level 2. HP: 5/25 MP: 2/2
   215 | D:1      | Reached skill level 1 in Armour
   561 | D:1      | Reached XP level 3. HP: 28/31 MP: 3/3
   809 | D:2      | Noticed Sigmund
  1484 | D:3      | Found an ornate altar of the Wu Jian Council.
  1495 | D:3      | Reached XP level 4. HP: 36/39 MP: 4/4
  1537 | D:3      | Noticed Jessica
  1541 | D:3      | Killed Jessica
  1542 | D:3      | Reached skill level 2 in Armour
  1654 | D:3      | Identified the amulet of Beogh's Indignation {Faith Dex+4}
  1807 | D:3      | Found a blossoming altar of Fedhas.
  2246 | D:4      | Found a basalt altar of Yredelemnul.
  2284 | D:4      | Found Moovikut's Antique Weapon Boutique.
  2288 | D:4      | Found Zuhetiq's Jewellery Boutique.
  2288 | D:4      | Found Fude Roh's Distillery.
  2298 | D:4      | Reached skill level 1 in Short Blades
  2377 | D:4      | Found Litopn's Weapon Boutique.
  2465 | D:4      | Reached XP level 5. HP: 44/44 MP: 5/5
  2560 | D:4      | Found a hazy altar of Hepliaklqana.
  2608 | D:4      | Became a worshipper of Hepliaklqana the Forgotten
  2663 | D:4      | Noticed a lemure
  2663 | D:4      | Noticed a lemure
  2665 | D:4      | Noticed a lemure
  2688 | D:4      | HP: 11/44 [lemure[Pikel] (2)]
  2693 | D:4      | HP: 1/44 [lemure[Pikel] (5)]
  2694 | D:4      | Slain by a lemure

Illustrated notes

Levels and vault maps discovered:
D:1:      ncdulo_halloftheorcs, layout_basic
D:2:      layout_loops_ring, serial_shops,
          nicolae_shop_temple_entry_statues_fountains, uniq_sigmund
D:3:      layout_loops_ring, fedhas_altar_3, nicolae_wu_jian_wuxing_cycle,
          fountainhead, uniq_jessica
D:4:      layout_basic, yredelemnul_altar_generic,
          mainiacjoe_overflow_cross_hatched, minmay_shop_grid_forest,
          hangedman_decor_diamond_cutter, uniq_pikel

Skill      XL: |  1  2  3  4 |
---------------+-------------+-----
Fighting       | 2 |  2.7
Throwing       | 2 |  2.6
Armour         | 1 2 |  2.4
Short Blades   | 1 |  1.2
Long Blades    | |  2.8
Dodging        | |  2.8
Evocations     | |  0.6

Action                     |  1- 3 |  4- 6 || total
---------------------------+-------+-------++-------
  Melee: Long sword        |    20 |       ||    20
         Dagger            |    78 |    63 ||   141
         Tailslap          |     7 |     9 ||    16
         Punch             |       |     1 ||     1
  Evoke: Wand              |       |     1 ||     1
   Stab: Sleeping          |     1 |     1 ||     2
         Distracted        |     1 |       ||     1
 Armour: Leather armour    |    32 |    15 ||    47
  Dodge: Dodged            |    39 |    26 ||    65

Table legend: (Time is in decaauts)
 A = Elapsed time spent in this place.
 B = Non-inter-level travel time spent in this place.
 C = Inter-level travel time spent in this place.
 D = Time resting spent in this place.
 E = Time spent auto-exploring this place.
 F = Levels seen in this place.
 G = Mean time per level.
                   A        B        C        D        E       F      G
               +--------+--------+--------+--------+--------+-----+--------+
         Total |   2687 |   2397 |    290 |    425 |   1305 |   4 |  671.8 |
       Dungeon |   2687 |   2397 |    290 |    425 |   1305 |   4 |  671.8 |
               +--------+--------+--------+--------+--------+-----+--------+

Top non-repeatable levels by time:
     D:1: 1069 daAuts
     D:3: 726 daAuts
     D:4: 490 daAuts
     D:2: 400 daAuts
